cohdb
Replays
Latest Replays
All Replays
Popular Replays
Top Player Replays
Match Explorer
How It Works
Community
CoH3 Stats
Reddit
Sign in to upload your games and track your stats! →
Sign in with Steam
Match 45568556
Unlisted
Match 45568556
Overview
Messages
Build Orders
End
Selects Australian Defense Battlegroup
Selects Australian Light Infantry Section
Australian Light Infantry Section
Australian Light Infantry Section
Construct Section Command Post
Australian Light Infantry Section
Royal Engineer Section
Construct Platoon Command Post
Humber Armored Car
Angrybirds
ProxyFox
Bobr
Zulu
0
0
Comments
sign in to comment!
No comments posted yet!